 Dungeon Crawl Stone Soup version 0.32-a0-131-g9dbbe29261 (webtiles) character file.

Game seed: 7748776313117781250

206 PriceMaster the Firebug (level 5, -1/48 HPs)
             Began as an Octopode Fire Elementalist on Feb 9, 2024.
             Slain by a kobold
             ... wielding a +0 dagger
              (2 damage)
             ... on level 4 of the Dungeon.
             The game lasted 00:06:06 (3412 turns).

PriceMaster the Firebug (OpFE)                      Turns: 3412, Time: 00:06:06

Health: -1/48      AC: 22    Str:  7    XL:     5   Next: 84%
Magic:  0/8        EV:  2    Int: 17    God:
Gold:   200        SH:  0    Dex: 13    Spells: 4/10 levels left

rFire   . . .        d - +0 dagger
rCold   + . .        (no shield)
rNeg    . . .        (helmet currently unavailable)
rPois   +            (no amulet)
rElec   .            a - ring of resist corrosion
rCorr   +            m - ring of protection from cold
SInv    .            (no ring)
Will    .....        (no ring)
Stlth   ++           (no ring)
HPRegen 0.28/turn    (no ring)
MPRegen 0.11/turn    (no ring)
                     (no ring)

%: no passive effects
@: tree-form
A: stationary, stasis, torment immunity, boosted hp, almost no armour,
(amphibious), 8 rings, (camouflage 1), (gelatinous body 1), (nimble swimmer 1),
(tentacles), low MP 1, weak 1
a: no special abilities


You were on level 4 of the Dungeon.
You were a tree.
You visited 1 branch of the dungeon, and saw 4 of its levels.

You collected 200 gold pieces.

Inventory:

Hand Weapons
 d - a +0 dagger (weapon)
Jewellery
 a - a ring of resist corrosion (left branch)
 m - a ring of protection from cold (right branch)
Potions
 b - a potion of degeneration {unknown}
 e - a potion of curing
 k - a potion of brilliance


   Skills:
 + Level 0.3 Fighting
 + Level 1.0 Short Blades
 + Level 2.2 Dodging
 + Level 3.8 Stealth
 + Level 0.1 Unarmed Combat
 + Level 3.1 Spellcasting
 + Level 2.2 Conjurations
 + Level 0.4 Hexes
 + Level 4.3 Fire Magic


You had 4 spell levels left.
You knew the following spells:

 Your Spells              Type           Power      Damage    Failure   Level
a - Foxfire               Conj/Fire      52%        2x1d6     4%          1
b - Scorch                Fire           34%        2d6       4%          2
c - Inner Flame           Hex/Fire       10%        N/A       19%         3

Your spell library contained the following spells:

 Spells                   Type           Power      Damage    Failure   Level
 Slow                     Hex            16%        N/A       14%         1
 Volatile Blastmotes      Fire/Tloc      20%        2d11      22%         3
 Confusing Touch          Hex            4%         N/A       41%         3
 Sigil of Binding         Hex            4%         N/A       41%         3
 Flame Wave               Conj/Fire      13%        2d6       41%         4
 Vampiric Draining        Necr           2%         2d6       45%         3
 Summon Cactus Giant      Summ           1%         N/A       100%        6


Dungeon Overview and Level Annotations

Branches:
Dungeon (4/15)
 Temple: D:4-7

Altars:
Trog

Shops:
D:3 *

Portals:
Abyss: D:3

Annotations:
D:3 1 transporter, Biggs's ghost, amateur KoMo


Innate Abilities, Weirdness & Mutations

You are a tree.
Your roots penetrate the ground, keeping you stationary.
You cannot be teleported.
You are immune to unholy pain and torment.
Your maximum health is greatly increased.
You cannot wear most types of armour.
((You are amphibious.))
You can wear up to eight rings at the same time.
((Your skin changes colour to match your surroundings (Stealth+).))
((Your rubbery body absorbs attacks. (AC +1, EV +1)))
((You are camouflaged when in or above water. (Stealth+)))
((You have tentacles for arms and can constrict up to eight enemies at once.))
Your magical capacity is low. (-10% MP)
You are weak. (Str -2)


Message History

Your Short Blades skill increases to level 1!
Unknown command.
You hit the lemure but do no damage.
The dart slug bites you but does no damage.
The lemure hits you but does no damage. The kobold hits you with a +0 dagger.
* * * LOW HITPOINT WARNING * * *
The goblin hits you from afar with a +0 spear.
* * * LOW HITPOINT WARNING * * *
An adder comes into view.
You barely miss the lemure. The dart slug launches a dart at you.
The slug dart hits you.
* * * LOW HITPOINT WARNING * * *
The lemure hits you but does no damage. The kobold hits you but does no damage.
The lemure barely misses you. The goblin hits you but does no damage.
You hit the lemure.
The lemure is lightly wounded.
The lemure completely misses you. The lemure hits you but does no damage.
The kobold hits you but does no damage. The lemure hits you.
* * * LOW HITPOINT WARNING * * *
The goblin hits you but does no damage.
You hit the lemure.
The lemure is lightly wounded.
The dart slug bites you but does no damage.
The lemure hits you but does no damage. The kobold hits you but does no damage.
The lemure hits you but does no damage. The goblin hits you but does no damage.
The lemure hits you but does no damage.
You miss the lemure.
The lemure is lightly wounded.
The dart slug launches a dart at you.
The slug dart hits you but does no damage.
The lemure hits you but does no damage. The kobold barely misses you.
The goblin hits you but does no damage.
The lemure hits you but does no damage. x2
Sorry, you're not good enough to have a special ability.
Casting: Foxfire (safe; 4% risk of failure)
Confirm with . or Enter, or press ? or * to list all spells.
You conjure some foxfire!
The lemure hits you.
* * * LOW HITPOINT WARNING * * *
The kobold hits you with a +0 dagger.
You die...

## ._..# # ..
....# .##. .#..#
...# ##....#
.###.. ......
.....g##...##
......5wKS..####
...)..5♣vJ|.....
......#5v...####
..... ##........
.##. ##.######
.. ## .#


You could see 3 lemures, an adder, a dart slug (ally target), an endoplasm (ally
target), a goblin and a kobold.

Vanquished Creatures
  A quasit (D:3)
  A jelly (D:4)
  An iguana (D:4)
  Robin (D:2)
  2 gnolls (D:4)
  2 adders
  A dart slug (D:2)
  An orc (D:4)
  10 endoplasms
  2 giant cockroaches
  14 goblins
  7 hobgoblins
  2 quokkas (D:2)
  3 ball pythons
  5 bats
  2 frilled lizards
  7 kobolds
  3 rats
65 creatures vanquished.

Vanquished Creatures (others)
  107 foxfires
107 creatures vanquished.

Grand Total: 172 creatures vanquished

Notes
Turn   | Place    | Note
-------+----------+-------------------------------------------
     0 | D:1      | PriceMaster the Octopode Fire Elementalist began the quest
                  | for the Orb.
     0 | D:1      | Reached XP level 1. HP: 11/11 MP: 3/3
   208 | D:1      | Found a faded altar of an unknown god.
   334 | D:1      | Reached XP level 2. HP: 17/17 MP: 0/5
   337 | D:1      | Learned a level 2 spell: Scorch
  1235 | D:2      | Noticed Robin
  1242 | D:2      | Killed Robin
  1243 | D:2      | Reached XP level 3. HP: 21/21 MP: 0/6
  1635 | D:2      | Reached XP level 4. HP: 25/27 MP: 7/7
  1639 | D:2      | Learned a level 3 spell: Inner Flame
  2186 | D:3      | Found Giafui's Assorted Antiques.
  2651 | D:3      | Found a transporter.
  2651 | D:3      | Found a one-way gate to the infinite horrors of the Abyss.
  2651 | D:3      | Noticed Biggs's ghost (amateur KoMo)
  2652 | D:3      | Found a transporter.
  3016 | D:3      | Gained mutation: You are weak. (Str -2) [potion of
                  | mutation]
  3016 | D:3      | Gained mutation: Your magical capacity is low. (-10% MP)
                  | [potion of mutation]
  3085 | D:3      | Reached skill level 4 in Fire Magic
  3085 | D:3      | Reached XP level 5. HP: 31/31 MP: 0/8
  3391 | D:4      | Found a bloodstained altar of Trog.
  3391 | D:4      | Noticed a lemure
  3391 | D:4      | Noticed a lemure
  3392 | D:4      | Noticed a lemure
  3407 | D:4      | Reached skill level 1 in Short Blades
  3412 | D:4      | HP: 1/48 [lemure[Pikel] (2)]
  3412 | D:4      | Slain by a kobold

Illustrated notes

Levels and vault maps discovered:
D:1:      beargit_arrival_greenhouse, layout_basic,
          chequers_ecumenical_altar_simple_redux, minmay_misc_feat_four_crosses,
          minmay_stone_trees_large
D:2:      layout_rooms, uniq_robin
D:3:      layout_loops_ring, gammafunk_ghost_abyssal_escape, serial_shops, shop
D:4:      layout_loops_ring, mainiacjoe_overflow_tiny_flanked, uniq_eustachio,
          uniq_pikel

Skill      XL: |  1  2  3  4  5 |
---------------+----------------+-----
Stealth        | 3 |  3.8
Conjurations   | 2 |  2.2
Fire Magic     | 4 |  4.3
Spellcasting   | 3 |  3.1
Short Blades   | 1 |  1.0
Fighting       | |  0.3
Dodging        | |  2.2
Unarmed Combat | |  0.1
Hexes          | |  0.4

Action                     |  1- 3 |  4- 6 || total
---------------------------+-------+-------++-------
  Melee: Unarmed           |    13 |       ||    13
         Constrict         |     6 |     5 ||    11
         Punch             |     2 |     1 ||     3
         Dagger            |    10 |    49 ||    59
         Tentacles         |     4 |     4 ||     8
   Cast: Foxfire           |    45 |    22 ||    67
         Scorch            |     3 |     9 ||    12
         Inner Flame       |       |     9 ||     9
    Use: Potion            |     6 |     5 ||    11
         Scroll            |       |    11 ||    11
   Stab: Sleeping          |     2 |     6 ||     8
 Armour: Skin              |    19 |    93 ||   112
  Dodge: Dodged            |    20 |    34 ||    54

Table legend: (Time is in decaauts)
 A = Elapsed time spent in this place.
 B = Non-inter-level travel time spent in this place.
 C = Inter-level travel time spent in this place.
 D = Time resting spent in this place.
 E = Time spent auto-exploring this place.
 F = Levels seen in this place.
 G = Mean time per level.
                   A        B        C        D        E       F      G
               +--------+--------+--------+--------+--------+-----+--------+
         Total |   3377 |   3294 |     83 |    457 |   2329 |   4 |  844.2 |
       Dungeon |   3377 |   3294 |     83 |    457 |   2329 |   4 |  844.2 |
               +--------+--------+--------+--------+--------+-----+--------+

Top non-repeatable levels by time:
     D:3: 1297 daAuts
     D:1: 958 daAuts
     D:2: 916 daAuts
     D:4: 205 daAuts
